 Dungeon Crawl Stone Soup version 0.28.0 (webtiles) character file.

Game seed: 4146551777957568824

101 HallandMoats the Skirmisher (level 4, -5/35 HPs)
             Began as a Demonspawn Fighter on Feb 6, 2022.
             Slain by Sigmund (11 damage)
             ... on level 3 of the Dungeon.
             The game lasted 00:01:57 (2405 turns).

HallandMoats the Skirmisher (Demonspawn Fighter)    Turns: 2405, Time: 00:01:58

Health: -5/35      AC:  6    Str: 17    XL:     4   Next: 48%
Magic:  5/5        EV:  9    Int:  9    God:
Gold:   113        SH:  5    Dex: 14    Spells: 3/3 levels left

rFire   . . .      SeeInvis .   a - +0 war axe
rCold   . . .      Faith    .   c - +0 buckler
rNeg    . . .      Spirit   .   b - +0 scale mail
rPois   .          Reflect  .   (helmet restricted)
rElec   .          Harm     .   (no cloak)
rCorr   .          Rampage  .   (no gloves)
Will    .....                   (no boots)
Stlth   ..........              (no amulet)
HPRegen 0.11/turn               (no ring)
MPRegen 0.09/turn               (no ring)

@: mighty
A: antennae 1
a: no special abilities


You were on level 3 of the Dungeon.
You visited 1 branch of the dungeon, and saw 3 of its levels.

You collected 113 gold pieces.

Inventory:

Hand Weapons
 a - a +0 war axe (weapon)
Armour
 b - a +0 scale mail (worn)
 c - a +0 buckler (worn)
Scrolls
 f - 2 scrolls of identify {unknown}
 g - a scroll of amnesia {unknown}
 h - 2 scrolls of fog {unknown}
 j - a scroll of vulnerability {unknown}
 k - a scroll of magic mapping {unknown}
Potions
 e - 2 potions of curing {unknown}
 i - a potion of flight {unknown}
 l - a potion of brilliance {unknown}


   Skills:
 * Level 3.5 Fighting
 * Level 2.5 Axes
 + Level 2.9 Armour
 + Level 1.0 Dodging
 + Level 3.0 Shields
 * Level 2.6 Invocations


You had 3 spell levels left.
You didn't know any spells.
Your spell library contained the following spells:

 Spells                   Type           Power      Damage    Failure   Level
 Sublimation of Blood     Necr           0%         N/A       95%         2
 Petrify                  Tmut/Erth      0%         N/A       100%        4
 Irradiate                Conj/Tmut      0%         3d13      100%        5


Dungeon Overview and Level Annotations

Branches:
Dungeon (3/15)

Altars:

Annotations:
D:3 Ijyb, Sigmund


Innate Abilities, Weirdness & Mutations

You have a pair of small antennae on your head.


Message History

a +0 short sword; an adder skeleton You now have 107 gold pieces (gained 6).
You now have 113 gold pieces (gained 6).
Ijyb the Twisted Goblin comes into view.
She is wielding a +0 club, wearing a +1 leather armour of cold resistance and carrying a wand of acid (5).
Ijyb shouts!
Sigmund the Dreaded comes into view.
He is wielding a +0 scythe.
There are monsters nearby!
Sigmund shouts!
You feel very mighty all of a sudden.
Sigmund giggles. "Time to reap what you sow."
Ijyb screams, "Me stronger than you!"
Ijyb zaps a wand.
The bolt of acid hits you! Sigmund closely misses you. Ijyb closely misses you.
You hit Ijyb.
Ijyb is lightly wounded.
Sigmund hits you but does no damage. Ijyb barely misses you.
You closely miss Ijyb.
Ijyb is lightly wounded.
Ijyb barely misses you.
Sigmund hits you from afar with a +0 scythe.
Ijyb closely misses you.
You barely miss Ijyb.
Ijyb is lightly wounded.
Sigmund hits you from afar with a +0 scythe!
Ijyb hits you with a +0 club.
You barely miss Ijyb.
Ijyb is lightly wounded.
Ijyb barely misses you. You block Sigmund's attack.
Ijyb hits you with a +0 club.
You closely miss Ijyb.
Ijyb is lightly wounded.
Sigmund gestures wildly while chanting.
Sigmund flickers and vanishes!
Deactivating autopickup; reactivate with Ctrl-A.
Ijyb hits you with a +0 club.
* * * LOW HITPOINT WARNING * * *
You hit Ijyb.
Ijyb is lightly wounded.
Something hits you!
You die...

.... .... .. .....
#+.... ....#.#.#.#....
#. ....#.#.#.... #.#.
#{#.#.#.#.. #.#.#.
#g#.#.#.#+#+#.#.#.#
#@#.#.#.#.#.#.#.#
#.#.#.#.#.#.#.#.#+#
#.#.#.#.#.#.#.......
..#.#.#.#.#..........
..#.#.#.#.#.#.........
....###########.........
... #......... ..
#......... #...#.####


You could see Ijyb.

Vanquished Creatures
  4 adders
  A worm (D:2)
  A dart slug (D:1)
  3 ball pythons
  10 endoplasms
  4 giant cockroaches
  6 goblins
  4 hobgoblins
  6 jackals (D:1)
  A kobold (D:2)
  2 quokkas
  A bat (D:1)
  3 frilled lizards (D:1)
  8 rats
54 creatures vanquished.

Notes
Turn   | Place    | Note
-------+----------+-------------------------------------------
     0 | D:1      | HallandMoats the Demonspawn Fighter began the quest for the
                  | Orb.
     0 | D:1      | Reached XP level 1. HP: 18/18 MP: 1/1
   127 | D:1      | Gained mutation: You have a pair of small antennae on your
                  | head. [demonic ancestry]
   127 | D:1      | Reached XP level 2. HP: 24/24 MP: 2/2
   186 | D:1      | Reached skill level 1 in Invocations
   456 | D:1      | Reached XP level 3. HP: 8/29 MP: 2/4
  1622 | D:2      | Reached XP level 4. HP: 33/35 MP: 5/5
  2099 | D:3      | Reached skill level 1 in Dodging
  2395 | D:3      | Noticed Ijyb
  2395 | D:3      | Noticed Sigmund
  2405 | D:3      | Slain by Sigmund

Illustrated notes

Levels and vault maps discovered:
D:1:      psy_arrival_terrarium, layout_basic, minmay_ruptured
D:2:      layout_rooms
D:3:      layout_basic, hellmonk_ecumenical_altar_run_dry, uniq_sigmund,
          uniq_ijyb

Skill      XL: |  1  2  3  4 |
---------------+-------------+-----
Axes           | 2 |  2.5
Invocations    | 1 2 |  2.6
Shields        | 3 |  3.0
Dodging        | 1 |  1.0
Fighting       | |  3.5
Armour         | |  2.9

Action                   |  1- 3 |  4- 6 || total
-------------------------+-------+-------++-------
Melee: War axe           |   124 |    31 ||   155
  Use: Potion            |       |     1 ||     1
Armor: Scale mail        |    78 |    13 ||    91
Dodge: Dodged            |    64 |    21 ||    85
Block: Buckler           |    34 |     9 ||    43
